 Dungeon Crawl Stone Soup version 0.29.1-12-g30fa7ad0bf (webtiles) character file.

Game seed: 13813576095078530455

119 zeram the Covert (level 4, -2/23 HPs)
             Began as a Spriggan Brigand on Dec 24, 2022.
             Slain by a kobold brigand
             ... wielding a +0 short sword
              (7 damage)
             ... in a sewer.
             The game lasted 00:03:42 (2222 turns).

zeram the Covert (Spriggan Brigand)                 Turns: 2222, Time: 00:03:43

Health: -2/23      AC:  3    Str:  7    XL:     4   Next: 74%
Magic:  5/5        EV: 17    Int: 14    God:
Gold:   84         SH:  0    Dex: 16    Spells: 3/3 levels left

rFire   . . .      SeeInvis +   a - +2 dagger
rCold   . . .      Faith    .   (no shield)
rNeg    . . .      Spirit   .   b - +0 robe
rPois   .          Reflect  .   (helmet restricted)
rElec   .          Harm     .   c - +0 cloak
rCorr   +          Rampage  .   (gloves unavailable)
Will    .....                   (boots unavailable)
Stlth   ++++......              (no amulet)
HPRegen 0.07/turn               j - ring of resist corrosion
MPRegen 0.09/turn               (no ring)

@: flying, very quick
A: very small, no large weapons, unfitting armour, see invisible, speed 3
a: no special abilities


You were in a sewer.
You visited 1 branch of the dungeon, and saw 3 of its levels.
You also visited: Sewer.

You collected 84 gold pieces.

Inventory:

Hand Weapons
 a - a +2 dagger (weapon)
Missiles
 d - 9 poisoned darts (quivered)
 e - 3 curare-tipped darts
Armour
 b - a +0 robe (worn)
 c - a +0 cloak (worn)
Jewellery
 j - a ring of resist corrosion (left hand)
 l - a ring of ice
Scrolls
 g - 2 scrolls of identify
 k - 2 scrolls of vulnerability
Potions
 f - a potion of magic
 h - a potion of attraction
 m - a potion of mutation


   Skills:
 - Level 1.7 Fighting
 + Level 3.3 Short Blades
 + Level 2.0 Throwing
 + Level 1.9 Dodging
 + Level 8.4 Stealth


You had 3 spell levels left.
You didn't know any spells.
Your spell library was empty.

Dungeon Overview and Level Annotations

Branches:
Dungeon (3/15)              Sewer (1/1)

Altars:


Innate Abilities, Weirdness & Mutations

You are very small and have problems with some larger weapons.
You are too small for most types of armour.
You have supernaturally acute eyesight. (SInv)
You cover ground extremely quickly. (Speed+++)


Message History

The kobold brigand is lightly wounded.
You hit the kobold brigand.
The kobold brigand is lightly wounded.
The kobold brigand misses you.
You feel very buoyant.
You fly up into the air.
The kobold brigand hits you with a +0 dagger.
The kobold brigand splashes around in the water. x2
The kobold brigand throws a curare-tipped dart.
The curare-tipped dart closely misses you.
The kobold brigand completely misses you.
You hit the kobold.
You kill the kobold!
You hear a splash.
You hit the kobold brigand.
The kobold brigand is lightly wounded.
You hit the kobold brigand.
The kobold brigand is moderately wounded.
The kobold brigand hits you with a +0 short sword.
You barely miss the kobold brigand.
The kobold brigand is moderately wounded.
The kobold brigand splashes around in the water.
The kobold brigand closely misses you.
Unknown command.
You miss the kobold brigand.
The kobold brigand is moderately wounded.
The kobold brigand completely misses you.
The kobold brigand barely misses you.
You hit the kobold brigand.
The kobold brigand is heavily wounded.
The kobold brigand hits you with a +0 short sword!
The kobold brigand splashes around in the water.
You hit the kobold brigand but do no damage.
The kobold brigand is heavily wounded.
You hit the kobold brigand.
The kobold brigand is heavily wounded.
The kobold brigand hits you with a +0 dagger.
* * * LOW HITPOINT WARNING * * *
The kobold brigand hits you with a +0 short sword!
You die...

###.~≈≈.# #.~≈~.#
##.~≈~.##
#.~~≈~~.################
#~~~≈~~~~~~~~~~~~~~~~~~~
#~~~≈~..################
#.~~≈~~~# #.~~≈~~.#
#.~≈≈≈~@# #.~≈≈≈KK#
#~~≈≈≈~h# #.~~~~†.#
#...~.~.# ####.#### ...
#.... ##...


You could see 2 kobold brigands and a jackal.

Vanquished Creatures
  3 adders
  3 river rats
  2 worms (D:2)
  A dart slug (D:2)
  3 bats
  5 endoplasms
  3 giant cockroaches
  2 goblins (D:1)
  3 hobgoblins
  3 jackals
  8 kobolds
  3 quokkas
  4 ball pythons
  5 frilled lizards
  11 rats
59 creatures vanquished.

Notes
Turn   | Place    | Note
-------+----------+-------------------------------------------
     0 | D:1      | zeram the Spriggan Brigand began the quest for the Orb.
     0 | D:1      | Reached XP level 1. HP: 10/10 MP: 2/2
    24 | D:1      | Reached skill level 6 in Stealth
   112 | D:1      | Reached XP level 2. HP: 14/14 MP: 3/3
   256 | D:1      | Found a faded altar of an unknown god.
   261 | D:1      | Reached skill level 7 in Stealth
   503 | D:1      | Reached XP level 3. HP: 18/18 MP: 4/4
  1629 | D:2      | Reached skill level 8 in Stealth
  1629 | D:2      | Reached XP level 4. HP: 21/23 MP: 5/5
  1917 | D:3      | Found a glowing drain.
  1927 | Sewer    | Entered a sewer
  2200 | Sewer    | Noticed a kobold brigand
  2202 | Sewer    | Noticed a kobold brigand
  2222 | Sewer    | Slain by a kobold brigand

Illustrated notes

Levels and vault maps discovered:
D:1:      amcnicky_arrival_choice, layout_basic, basic_ecumenical_altar,
          nicolae_eternal_life
D:2:      layout_basic, chequers_hall_statues_wall_a, minmay_misc_feat_plants,
          kennysheep_generic_room_6
D:3:      layout_basic, kennysheep_orc_sif_temple, fedhas_altar_3,
          portal_sewer_entry_e
Sewer:    sewer_kobolds

Skill      XL: |  1  2  3  4 |
---------------+-------------+-----
Stealth        | 6 7 8 |  8.4
Short Blades   | 3 |  3.3
Fighting       | |  1.7
Throwing       | |  2.0
Dodging        | |  1.9

Action                   |  1- 3 |  4- 6 || total
-------------------------+-------+-------++-------
Melee: Dagger            |    99 |    57 ||   156
       Punch             |       |     1 ||     1
  Use: Scroll            |     8 |     1 ||     9
       Potion            |       |     1 ||     1
 Stab: Sleeping          |    22 |     5 ||    27
Armor: Robe              |    11 |     6 ||    17
Dodge: Dodged            |    45 |    37 ||    82
